 Dungeon Crawl Stone Soup version 0.31-a0-868-g674d60d6f7 (webtiles) character file.

Game seed: 14674113621590032617

1432 LeprechaunX the Changeling (level 8, -3/54 HPs)
             Began as an Octopode Shapeshifter on Oct 11, 2023.
             Was a Believer of Ru.
             Engulfed by a steam dragon's steam (7 damage)
             ... on level 6 of the Dungeon.
             The game lasted 00:06:50 (4280 turns).

LeprechaunX the Changeling (Octopode Shapeshifter)  Turns: 4280, Time: 00:06:51

Health: -3/54      AC:  1    Str: 18    XL:     8   Next: 73%
Magic:  8/8        EV: 14    Int: 13    God:    Ru [**....]
Gold:   340        SH:  5    Dex: 11    Spells: 7/7 levels left

rFire   . . .        p - +5 short sword of the Stork {distort, Str+3}
rCold   . . .        (no shield)
rNeg    . . .        (helmet currently unavailable)
rPois   .            s - amulet of reflection
rElec   .            (no ring)
rCorr   .            (no ring)
SInv    .            (no ring)
Will    .....        (no ring)
Stlth   ++           (no ring)
HPRegen 0.29/turn    (no ring)
MPRegen 0.11/turn    (no ring)
                     (no ring)

%: reflection
@: beast-form
A: beast (slay +3), almost no armour, amphibious, 8 rings, camouflage 1,
gelatinous body 1, hated by all, (nimble swimmer 1), tentacles
a: Begin Untransformation, Renounce Religion


You were on level 6 of the Dungeon.
You worshipped Ru.
Ru was pleased with you.
You were a hulking beast.
You visited 2 branches of the dungeon, and saw 9 of its levels.

You collected 340 gold pieces.

Inventory:

Hand Weapons
 p - the +5 short sword of the Stork (weapon) {distort, Str+3}
   (You found it on level 3 of the Dungeon)

   Str+3:     It affects your strength (+3).
 A - the +7 mace of Bashing Quick Death {freeze, rCorr Str-3 Stlth+}
   (You found it on level 6 of the Dungeon)

   Str-3:     It affects your strength (-3).
   rCorr:     It protects you from acid and corrosion.
   Stlth+:    It makes you more stealthy.
Jewellery
 k - a ring of magical power
 s - an amulet of reflection (around mantle)
Talismans
 b - a beast talisman (active)
 c - a flux talisman
 y - a maw talisman
Wands
 w - a wand of paralysis (9) (quivered)
 z - a wand of flame (21)
Scrolls
 e - 2 scrolls of noise {unknown}
 g - 5 scrolls of identify {unknown}
 h - 3 scrolls of enchant weapon {unknown}
 i - a scroll of vulnerability {unknown}
 j - a scroll of revelation {unknown}
 r - 2 scrolls of fog {unknown}
 u - 2 scrolls of fear {unknown}
 v - a scroll of immolation {unknown}
 x - a scroll of acquirement {unknown}
Potions
 a - 2 potions of lignification
 d - 2 potions of brilliance {unknown}
 f - a potion of resistance {unknown}
 l - a potion of might {unknown}
 m - 4 potions of heal wounds {unknown}
 n - 2 potions of magic {unknown}
 o - a potion of enlightenment {unknown}
 q - 2 potions of attraction {unknown}
 t - 3 potions of curing {unknown}


   Skills:
 + Level 4.6 Fighting
 - Level 5.0 Dodging
 + Level 5.5 Unarmed Combat
 * Level 6.8 Shapeshifting


You had 7 spell levels left.
You didn't know any spells.
Your spell library contained the following spells:

 Spells                   Type           Power      Damage    Failure   Level
 Apportation              Tloc           0%         N/A       30%         1
 Jinxbite                 Hex            0%         N/A       43%         2
 Volatile Blastmotes      Fire/Tloc      0%         2d10      67%         3
 Fulminant Prism          Conj/Hex       0%         3d5       97%         4
 Iskenderun's Mystic Bla  Conj/Tloc      0%         2d3       97%         4
 Alistair's Intoxication  Tmut/Pois      0%         N/A       100%        5
 Chain Lightning          Conj/Air       0%         N/A       100%        9
 Fire Storm               Conj/Fire      0%         5d1       100%        9
 Shatter                  Erth           0%         3d5*      100%        9


Dungeon Overview and Level Annotations

Branches:
Dungeon (8/15)             Temple (1/1) D:4
   Lair: D:8-11

Altars:
Cheibriados
Dithmenos
Gozag
Kikubaaqudgha
Makhleb
Nemelex Xobeh
Okawaru
Qazlal
Ru
Sif Muna
Trog
Uskayaw
Vehumet
Wu Jian
Xom
Zin
The Shining One

Shops:
D:2 (   D:4 *


Innate Abilities, Weirdness & Mutations

You are a hulking beast.
Your limbs bulge with bestial killing power. (Slay +3)
You cannot wear most types of armour.
You are amphibious.
You can wear up to eight rings at the same time.
Your skin changes colour to match your surroundings (Stealth+).
Your rubbery body absorbs attacks. (AC +1, EV +1)
You are hated by all.
((You are camouflaged when in or above water. (Stealth+)))
You have tentacles for arms and can constrict up to eight enemies at once.


Message History

Found 19 gold pieces.
The steam dragon hisses angrily.
The steam dragon breathes steam at you. The ball of steam hits you!
The steam dragon bites you.
The steam dragon claws you but does no damage.
You barely miss the steam dragon. The steam dragon bites you!
The steam dragon barely misses you.
You closely miss the steam dragon. You tentacle-slap the steam dragon.
The steam dragon is moderately wounded.
The steam dragon bites you! You block the steam dragon's attack.
You hit the steam dragon but do no damage.
You tentacle-slap the steam dragon.
The steam dragon is moderately wounded.
The steam dragon blinks!
A hound comes into view.
The steam dragon breathes steam at you. The ball of steam misses you.
You redirect the steam dragon's attack!
You see here the +7 mace of Bashing Quick Death {freeze, rCorr Str-3 Stlth+}.
A - the +7 mace of Bashing Quick Death {freeze, rCorr Str-3 Stlth+} The steam dragon breathes steam at you.
The ball of steam hits you!
* * * LOW HITPOINT WARNING * * *
Found an escape hatch in the floor.
The hound is engulfed in a cloud of scalding steam.
You barely miss the hound. Your grab misses the hound.
The hound is almost dead.
The hound bites you.
* * * LOW HITPOINT WARNING * * *
The hound barely misses you.
You hit the hound.
Space warps horribly around the hound!
You kill the hound!
The steam dragon begins to attack, but is stunned by your conviction!
Unknown command.
The steam dragon breathes steam at you. The ball of steam hits you.
* * * LOW HITPOINT WARNING * * *
You are engulfed in a cloud of scalding steam.
You die...

.................#.#.....
#................>..
#D##..###$....#.....
#.#.......D...##.).#
#.§.#.............#
#.§.####......###.#
.#.#.#.#§# #...#......#
.#.#.#.#§# ####$#.###>#
#.#.#h# #.#.# #.# # #.#.#
#$... ..# #.... ....#####
#.#.## #..## ..#.# ## #.#
#.# #..


There were no monsters in sight!

Vanquished Creatures
  Prince Ribbit (D:7)
  Eustachio (D:4)
  A water moccasin (D:5)
  A black bear (D:4)
  An ogre (D:5)
  A scorpion (D:5)
  6 wights
  A hound (D:6)
  2 orc priests (D:5)
  A sleepcap (D:7)
  2 iguanas
  Ijyb (D:5)
  Natasha (twice) (D:4)
  4 gnolls (D:8)
  6 adders
  A white imp (D:5)
  An ufetubus (D:4)
  A worm (D:2)
  A dart slug (D:3)
  7 orcs
  3 ball pythons
  10 endoplasms
  2 giant cockroaches (D:4)
  4 goblins
  3 hobgoblins
  6 jackals
  2 quokkas (D:1)
  11 bats
  6 frilled lizards
  6 kobolds
  A rat (D:1)
96 creatures vanquished.

Notes
Turn   | Place    | Note
-------+----------+-------------------------------------------
     0 | D:1      | LeprechaunX the Octopode Shapeshifter began the quest for
                  | the Orb.
     0 | D:1      | Reached XP level 1. HP: 13/13 MP: 1/1
   103 | D:1      | Found a faded altar of an unknown god.
   195 | D:1      | Reached XP level 2. HP: 14/18 MP: 2/2
   451 | D:1      | Reached XP level 3. HP: 21/23 MP: 3/3
  1002 | D:2      | Reached XP level 4. HP: 24/29 MP: 4/4
  1047 | D:2      | Found Ojoucvuw's Weapon Boutique.
  1642 | D:3      | Reached skill level 4 in Shapeshifting
  1721 | D:3      | Reached XP level 5. HP: 31/34 MP: 5/5
  1821 | D:3      | Identified the +5 short sword of the Stork {distort, Str+3}
  2149 | D:4      | Found a sparkling altar of Nemelex Xobeh.
  2320 | D:4      | Found a staircase to the Ecumenical Temple.
  2380 | D:4      | Found a glowing silver altar of Zin.
  2396 | D:4      | Noticed a black bear
  2425 | Temple   | Entered the Ecumenical Temple
  2461 | Temple   | Became a worshipper of Ru the Awakened
  2667 | D:4      | Killed a black bear
  2668 | D:4      | Reached XP level 6. HP: 13/41 MP: 6/6
  2812 | D:4      | Noticed Natasha
  2815 | D:4      | Found Jiyzan's Neck Hole.
  2819 | D:4      | Killed Natasha
  2897 | D:4      | Noticed Eustachio
  2905 | D:4      | Killed Eustachio
  2906 | D:4      | Reached skill level 5 in Shapeshifting
  2974 | D:4      | Noticed Natasha
  2978 | D:4      | Killed Natasha
  2979 | D:4      | Reached XP level 7. HP: 37/46 MP: 7/7
  3082 | D:4      | Found a shadowy altar of Dithmenos.
  3086 | D:4      | Found an iron altar of Okawaru.
  3193 | D:5      | Entered Level 5 of the Dungeon
  3464 | D:5      | Noticed Ijyb
  3473 | D:5      | Killed Ijyb
  3590 | D:5      | You fall into a shaft and drop 3 floors!
  3645 | D:8      | Reached XP level 8. HP: 48/54 MP: 8/8
  3729 | D:8      | Reached skill level 5 in Unarmed Combat
  3729 | D:8      | Reached skill level 6 in Shapeshifting
  4075 | D:7      | Found a hide-covered altar of Uskayaw.
  4150 | D:7      | Gained mutation: You are hated by all. [Ru sacrifice]
  4150 | D:7      | Reached * piety under Ru
  4150 | D:7      | Reached ** piety under Ru
  4164 | D:7      | Noticed Prince Ribbit
  4174 | D:7      | Killed Prince Ribbit
  4175 | D:7      | Reached skill level 5 in Dodging
  4265 | D:6      | Identified the +7 mace of Bashing Quick Death {freeze,
                  | rCorr Str-3 Stlth+}
  4280 | D:6      | Engulfed by a steam dragon's steam

Illustrated notes

Levels and vault maps discovered:
D:1:      evilmike_arrival_hilbert_curve, layout_rooms,
          hellmonk_ecumenical_altar_pennies_from_heaven
D:2:      layout_loops_cross, serial_shops, shop_coins
D:3:      layout_basic
D:4:      layout_gridville, nemelex_spade_bored_becter, zin_academy, minitemple,
          minmay_temple_entry_arrows, nicolae_shop_sticking_my_neck_out,
          uniq_natasha, uniq_eustachio
D:5:      layout_loops_cross, lemuel_doored_altar, uniq_menkaure, uniq_ijyb,
          uniq_crazy_yiuf_cottage
D:6:      layout_loops_ring, kennysheep_little_box,
          ashenzari_conservatory_becter, serial_shops,
          nicolae_shop_rolling_square, nicolae_inconvenience_store
D:7:      layout_basic, nzn_hepliaklqana_mist_gate,
          eat_drink_and_be_merry_uskayaw, uniq_maggie, uniq_prince_ribbit1
D:8:      minmay_the_grid_octo_tiled_octocenter [minmay_the_grid_octo_focus,
          minmay_the_grid_octo_vomiting_pacman, minmay_the_grid_octo_fan_narrow,
          minmay_the_grid_octo_77, minmay_the_grid_octo_prize_star,
          minmay_the_grid_square_5x5_inverted_slash,
          minmay_the_grid_square_5x5_minivault,
          minmay_the_grid_square_5x5_dogpile,
          minmay_the_grid_square_5x5_almost_minimal], layout_basic,
          minmay_misc_feat_iff, uniq_erica
Temple:   dshaligram_water_room_temple

Skill      XL: |  1  2  3  4  5  6  7  8 |
---------------+-------------------------+-----
Fighting       | 2 3 4 |  4.6
Shapeshifting  | 4 5 6 |  6.8
Dodging        | 3 4 5 |  5.0
Unarmed Combat | 4 5 |  5.5

Action                     |  1- 3 |  4- 6 |  7- 9 || total
---------------------------+-------+-------+-------++-------
  Melee: Unarmed           |    76 |    35 |       ||   111
         Constrict         |    16 |    15 |    16 ||    47
         Tentacles         |    10 |     9 |    14 ||    33
         Punch             |     4 |     3 |     5 ||    12
         Short sword       |       |    30 |    59 ||    89
 Invoke: Sacrifice Love    |       |       |     1 ||     1
  Evoke: Wand              |       |       |     2 ||     2
   Stab: Sleeping          |     3 |     7 |     1 ||    11
         Paralysed         |       |       |     2 ||     2
 Armour: Skin              |    36 |    35 |    31 ||   102
  Dodge: Dodged            |    46 |    35 |    33 ||   114
  Block: Other             |       |       |     6 ||     6

Table legend: (Time is in decaauts)
 A = Elapsed time spent in this place.
 B = Non-inter-level travel time spent in this place.
 C = Inter-level travel time spent in this place.
 D = Time resting spent in this place.
 E = Time spent auto-exploring this place.
 F = Levels seen in this place.
 G = Mean time per level.
                   A        B        C        D        E       F      G
               +--------+--------+--------+--------+--------+-----+--------+
         Total |   4272 |   4143 |    129 |    381 |   2989 |   9 |  474.7 |
       Dungeon |   4111 |   3983 |    128 |    281 |   2989 |   8 |  513.9 |
        Temple |    160 |    160 |      0 |    100 |      0 |   1 |  160.0 |
               +--------+--------+--------+--------+--------+-----+--------+

Top non-repeatable levels by time:
     D:4: 1068 daAuts
     D:2: 784 daAuts
     D:1: 665 daAuts
     D:3: 504 daAuts
     D:5: 396 daAuts
     D:8: 387 daAuts
     D:7: 270 daAuts
  Temple: 160 daAuts
     D:6: 32 daAuts
